 Dungeon Crawl Stone Soup version 0.31.0-11-ge490571c62 (webtiles) character file.

Game seed: 12069716721628929691

210 qw the Skirmisher (level 5, -1/30 HPs)
             Began as a Deep Elf Hunter on Feb 4, 2024.
             Slain by a gnoll sergeant
             ... wielding a +0 spear
              (10 damage)
             ... on level 4 of the Dungeon.
             The game lasted 00:00:12 (2612 turns).

qw the Skirmisher (Deep Elf Hunter)                 Turns: 2612, Time: 00:00:12

Health: -1/30      AC:  8    Str: 10    XL:     5   Next: 56%
Magic:  7/7        EV: 11    Int: 14    God:
Gold:   129        SH:  0    Dex: 18    Spells: 4/4 levels left

rFire   . . .        a - +1 shortbow
rCold   . . .        (shield currently unavailable)
rNeg    . . .        f - +0 ring mail
rPois   .            d - +1 helmet
rElec   .            (no cloak)
rCorr   .            (no gloves)
SInv    .            l - +0 pair of boots
Will    .....        (no amulet)
Stlth   +            (no ring)
HPRegen 0.25/turn    (no ring)
MPRegen 0.10/turn

%: no passive effects
@: no status effects
A: no striking features
a: no special abilities


You were on level 4 of the Dungeon.
You visited 1 branch of the dungeon, and saw 4 of its levels.

You collected 129 gold pieces.


   Skills:
 + Level 1.7 Fighting
 - Level 9.0 Ranged Weapons
 - Level 2.4 Dodging
 - Level 1.2 Stealth


You had 4 spell levels left.
You didn't know any spells.
Your spell library was empty.

Inventory:

Hand Weapons
 a - a +1 shortbow (weapon)
Armour
 d - a +1 helmet (worn)
 f - a +0 ring mail (worn)
 l - a +0 pair of boots (worn)
Wands
 h - a wand of iceblast (23)
Potions
 b - a potion of haste
 e - a potion of resistance
 i - a potion of ambrosia {unknown}
 k - a potion of curing {unknown}
 n - a potion of degeneration {unknown}

Dungeon Overview and Level Annotations

Branches:
Dungeon (4/15)
 Temple: D:4-7

Altars:
The Shining One


Message History

You shoot an arrow.
The arrow closely misses the gnoll sergeant.
The arrow hits the gnoll.
You kill the gnoll!
The gnoll sergeant hits you from afar with a +0 spear.
A gnoll comes into view. It is wielding a +0 flail.
The gnoll sergeant hits you from afar with a +0 spear.
You shoot an arrow. The gnoll shouts!
The arrow hits the gnoll sergeant but does no damage.
The gnoll sergeant barely misses you.
You shoot an arrow. The arrow hits the gnoll sergeant.
The gnoll sergeant is lightly wounded.
The gnoll sergeant closely misses you.
You shoot an arrow.
The arrow barely misses the gnoll sergeant.
The arrow hits the gnoll.
The gnoll is severely wounded.
The gnoll sergeant hits you but does no damage.
You shoot an arrow.
The arrow hits the gnoll sergeant but does no damage.
The gnoll sergeant is lightly wounded.
The gnoll sergeant hits you from afar with a +0 spear!
You shoot an arrow.
The arrow barely misses the gnoll sergeant.
The arrow hits the gnoll but does no damage.
The gnoll is severely wounded.
The gnoll sergeant hits you but does no damage.
You shoot an arrow. The arrow hits the gnoll sergeant.
The gnoll sergeant is moderately wounded.
The gnoll sergeant hits you from afar with a +0 spear.
You shoot an arrow. The arrow hits the gnoll sergeant.
The gnoll sergeant is moderately wounded.
The gnoll sergeant completely misses you.
You shoot an arrow.
The arrow completely misses the gnoll sergeant.
The arrow hits the gnoll.
You kill the gnoll!
The gnoll sergeant hits you from afar with a +0 spear!
You die...

#.# #.# #.#
#.# #.# #.#
#.#
##########.#
.gg.gg.@...#
############


You could see a gnoll sergeant and 3 gnolls.

Vanquished Creatures
  Jessica (D:3)
  Natasha (thrice) (D:3)
  5 adders
  2 gnolls (D:4)
  A dart slug (D:1)
  4 orcs (D:3)
  4 bats
  2 endoplasms
  3 giant cockroaches
  6 goblins
  3 hobgoblins
  4 jackals (D:1)
  2 quokkas (D:1)
  2 ball pythons
  2 frilled lizards (D:1)
  6 kobolds
  5 rats
55 creatures vanquished.

Notes
Turn   | Place    | Note
-------+----------+-------------------------------------------
     0 | D:1      | qw the Deep Elf Hunter began the quest for the Orb.
     0 | D:1      | Reached XP level 1. HP: 12/12 MP: 3/3
     0 | D:1      | 0 ||| qw: Version: 0.3-a-160-g6735b56
     0 | D:1      | 0 ||| qw: Game counter: 4323
     0 | D:1      | 0 ||| qw: Melee chars always use a shield: true
     0 | D:1      | 0 ||| qw: God list: Okawaru
     0 | D:1      | 0 ||| qw: Allow faded altars: false
     0 | D:1      | 0 ||| qw: Do Orc after clearing Dungeon:15 true
     0 | D:1      | 0 ||| qw: Do second Lair branch before Depths: true
     0 | D:1      | 0 ||| qw: Lair rune preference: random
     0 | D:1      | 0 ||| qw: Goals: Normal
     0 | D:1      | 0 ||| PLANNING D:1-11
    97 | D:1      | Reached XP level 2. HP: 6/16 MP: 4/4
   257 | D:1      | Reached skill level 6 in Ranged Weapons
   730 | D:1      | Reached XP level 3. HP: 20/20 MP: 5/5
   808 | D:1      | 808 ||| UPGRADING to +0 helmet.
   813 | D:1      | 813 ||| UPGRADING to +0 ring mail.
   823 | D:1      | 823 ||| DROPPING +0 leather armour.
   824 | D:1      | 824 ||| DROPPING scroll of butterflies.
  1025 | D:2      | Reached skill level 7 in Ranged Weapons
  1590 | D:2      | 1590 ||| UPGRADING to +0 pair of boots.
  1595 | D:2      | 1595 ||| READING scroll labelled TIALUP AGUWAO.
  1696 | D:2      | 1696 ||| READING scroll labelled EMYMNI OPIE.
  1696 | D:2      | 1696 ||| ENCHANTING +0 helmet.
  1697 | D:2      | 1697 ||| READING scroll labelled PONEAS DE JEEN.
  1697 | D:2      | 1697 ||| IDENTIFYING amethyst potion
  1698 | D:2      | 1698 ||| READING scroll labelled WITHAB CEPNU.
  1698 | D:2      | 1698 ||| ENCHANTING +0 shortbow.
  1699 | D:2      | 1699 ||| DRINKING 3 smoky orange potions.
  1720 | D:2      | 1720 ||| DROPPING 2 potions of lignification.
  1755 | D:3      | Found a faded altar of an unknown god.
  1789 | D:3      | Noticed Natasha
  1791 | D:3      | 1791 ||| FLEEEEING.
  1796 | D:3      | Killed Natasha
  1797 | D:3      | Reached XP level 4. HP: 17/25 MP: 6/6
  1935 | D:3      | Reached skill level 8 in Ranged Weapons
  1979 | D:3      | Found a glowing golden altar of the Shining One.
  1991 | D:3      | Noticed Jessica
  1994 | D:3      | Killed Jessica
  2041 | D:3      | Reached XP level 5. HP: 29/29 MP: 7/7
  2085 | D:3      | Noticed Natasha
  2094 | D:3      | Killed Natasha
  2194 | D:3      | Identified the +2 robe of Negligence {Harm rC++ Will-
                  | Dex-2}
  2413 | D:3      | Noticed Natasha
  2430 | D:3      | Killed Natasha
  2431 | D:3      | Reached skill level 9 in Ranged Weapons
  2468 | D:3      | 2468 ||| DROPPING +2 robe of Negligence {Harm rC++ Will-
                  | Dex-2}.
  2469 | D:3      | 2469 ||| READING scroll of identify.
  2469 | D:3      | 2469 ||| IDENTIFYING ruby potion
  2470 | D:3      | 2470 ||| READING 2 scrolls labelled UGIGANT COMUDGH.
  2471 | D:3      | 2471 ||| READING scroll labelled BUFUT YSYUBBU.
  2472 | D:3      | 2472 ||| DROPPING scroll of poison.
  2474 | D:3      | 2474 ||| Stepping ~*~*~tactically~*~*~ (cloud).
  2612 | D:4      | Slain by a gnoll sergeant

Levels and vault maps discovered:
D:1:      dpeg_arrival_tiny_a, layout_loops_corners
D:2:      layout_basic
D:3:      layout_basic, mainiacjoe_overflow_boulevard,
          shapermc_ecumenical_altar_mp_highgroup, nicolae_half_adder,
          uniq_jessica, uniq_natasha
D:4:      layout_basic, nicolae_qazlal_scattered_showers, uniq_sigmund

Skill      XL: |  1  2  3  4  5 |
---------------+----------------+-----
Ranged Weapons | 6 7 8 9 |  9.0
Fighting       | |  1.7
Dodging        | |  2.4
Stealth        | |  1.2

Action                     |  1- 3 |  4- 6 || total
---------------------------+-------+-------++-------
   Fire: Shortbow          |   108 |    84 ||   192
    Use: Scroll            |     4 |     3 ||     7
         Potion            |     1 |       ||     1
 Armour: Leather armour    |    13 |       ||    13
         Ring mail         |    18 |    29 ||    47
  Dodge: Dodged            |    21 |    27 ||    48

Table legend:
 A = Non-vault XP
 B = Vault XP
 C = Vault XP percentage of total XP
 D = Non-vault monster count
 E = Vault monster count
 F = Vault count percentage of total count
                 A         B        C        D         E       F
            +---------+---------+-------+---------+---------+-------
      Total |     204 |     111 |  35.2 |      50 |       5 |   9.1
            +---------+---------+-------+---------+---------+-------
        D:1 |      47 |       0 |   0.0 |      27 |       0 |   0.0
        D:2 |      42 |       0 |   0.0 |      12 |       0 |   0.0
        D:3 |      86 |     111 |  56.3 |       9 |       5 |  35.7
        D:4 |      29 |       0 |   0.0 |       2 |       0 |   0.0
            +---------+---------+-------+---------+---------+-------
